 Dungeon Crawl Stone Soup version 0.29.1-2-gbd0b4ee654 (webtiles) character file.

Game seed: 9844259647649590536

380 raph the Frost Mage (level 6, 0/42 HPs)
             Began as a Merfolk Ice Elementalist on Oct 23, 2022.
             Was an Initiate of Hepliaklqana.
             Slain by a phantom (7 damage)
             ... on level 5 of the Dungeon.
             The game lasted 00:07:49 (7037 turns).

raph the Frost Mage (Merfolk Ice Elementalist)      Turns: 7037, Time: 00:07:49

Health: 0/42       AC:  2    Str:  9    XL:     6   Next: 75%
Magic:  5/9        EV: 12    Int: 16    God:    Hepliaklqana [......]
Gold:   274        SH:  0    Dex: 14    Spells: 2/9 levels left

rFire   + . .      SeeInvis .   i - +0 spear
rCold   . . .      Faith    .   (no shield)
rNeg    . . .      Spirit   .   a - +0 robe
rPois   .          Reflect  .   (no helmet)
rElec   .          Harm     .   (no cloak)
rCorr   .          Rampage  .   (no gloves)
Will    .....                   (no boots)
Stlth   ++........              (no amulet)
HPRegen 0.14/turn               h - ring of wizardry
MPRegen 0.11/turn               o - ring of protection from fire

@: no status effects
A: (nimble swimmer 2), mertail
a: Renounce Religion


You were on level 5 of the Dungeon.
You worshipped Hepliaklqana.
Hepliaklqana was noncommittal.
You visited 1 branch of the dungeon, and saw 5 of its levels.

You collected 274 gold pieces.

Inventory:

Hand Weapons
 d - a +0 dagger
 i - a +0 spear (weapon)
Missiles
 e - 11 poisoned darts
 g - 2 throwing nets
Armour
 a - a +0 robe (worn)
 r - an orb of light
Jewellery
 h - a ring of wizardry (left hand)
 n - a ring of wizardry
 o - a ring of protection from fire (right hand)
 q - a ring of see invisible
Scrolls
 j - 2 scrolls of teleportation
 m - 2 scrolls of poison
 p - a scroll of magic mapping
 s - a scroll of fear
Potions
 b - a potion of magic
 c - 6 potions of curing
 f - 3 potions of mutation
 k - 2 potions of heal wounds
 l - a potion of lignification {unknown}


   Skills:
 + Level 0.5 Fighting
 - Level 0.6 Polearms
 - Level 2.6 Dodging
 - Level 2.1 Stealth
 + Level 2.1 Spellcasting
 * Level 8.5 Ice Magic


You had 2 spell levels left.
You knew the following spells:

 Your Spells              Type           Power      Damage    Failure   Level
a - Freeze                Ice            100%       1d11      1%          1
b - Frozen Ramparts       Ice            56%        1d9       1%          3
c - Ozocubu's Armour      Ice            28%        N/A       1%          3

Your spell library contained the following spells:

 Spells                   Type           Power      Damage    Failure   Level
 Slow                     Hex            4%         N/A       9%          1
 Hailstorm                Conj/Ice       15%        3d5       14%         4
 Confusing Touch          Hex            1%         N/A       24%         3
 Vampiric Draining        Necr           1%         2d6       24%         3
 Passage of Golubria      Tloc           1%         N/A       58%         4
 Silence                  Hex/Air        0%         N/A       89%         5
 Lehudib's Crystal Spear  Conj/Erth      0%         10d2      100%        8


Dungeon Overview and Level Annotations

Branches:
Dungeon (5/15)
 Temple: D:4-7

Altars:
Elyvilon
Hepliaklqana
Wu Jian

Shops:
D:3 :   D:4 (

Annotations:
D:2 Sigmund
D:3 3 runed translucent doors, p0werm0de's ghost, amateur OpMo


Innate Abilities, Weirdness & Mutations

((You are very nimble when in or above water. (Stealth+, EV+, Speed+++)))
Your lower body shifts to a powerful aquatic tail in water.


Message History

The iguana misses you.
Casting: Frozen Ramparts (safe; 1% risk of failure)
Confirm with . or Enter, or press ? or * to list all spells.
Casting: Frozen Ramparts (safe; 1% risk of failure)
Press: ? - help, Dir - look around, f - activate The walls around you are covered in ice.
The iguana bites you!
You hit the iguana but do no damage. The iguana barely misses you.
The phantom resists.
The wall freezes the phantom.
The phantom barely misses you.
Your frozen ramparts will break if you move.
Continue?
Okay, then.
Your frozen ramparts will break if you move.
Continue?
The frozen ramparts melt away as you move.
Found a stone staircase leading up.
The phantom hits you.
The phantom blinks!
You blink.
The phantom hits you. The phantom attacks as you move away!
The phantom misses you.
Casting: Frozen Ramparts (safe; 1% risk of failure)
Confirm with . or Enter, or press ? or * to list all spells.
Casting: Frozen Ramparts (safe; 1% risk of failure)
Press: ? - help, Dir - look around, f - activate The walls around you are covered in ice.
The wall freezes the iguana.
The phantom resists.
The wall freezes the phantom.
The phantom hits you.
The phantom blinks!
You blink.
The frozen ramparts melt away as you move.
The phantom attacks as you move away! The phantom hits you.
The phantom attacks as you move away! The phantom closely misses you.
You see here 8 gold pieces.
The phantom closely misses you. The iguana bites you!
* * * LOW HITPOINT WARNING * * *
The iguana closely misses you. The iguana attacks as you move away!
The iguana barely misses you. The phantom attacks as you move away!
The phantom closely misses you.
An orc comes into view. It is wielding a +0 hand axe.
The iguana attacks as you move away! The iguana bites you.
* * * LOW HITPOINT WARNING * * *
There is a stone staircase leading up here.
The iguana barely misses you. The phantom hits you!
You die...

#.........##..........#
#.#.#..
#..............######.##
#.#....
#.........(....#........
#.###..
#..............#........
#.#<...
#........#######........
#.####.
#........#######o.......
#......
......................##
#######
........$...............
#####$.........l@.#
#.....####.W..#.
#.................
#.....########.#.#.#
#++#### ..... ##....
.#... ##.#


You could see a phantom, an iguana and an orc.

Vanquished Creatures
  A hound (D:4)
  An orc priest (D:2)
  A jelly (D:4)
  An iguana (D:4)
  Natasha (thrice) (D:2)
  2 orc wizards
  5 adders
  2 worms (D:3)
  2 dart slugs
  10 orcs
  5 ball pythons
  6 bats
  2 endoplasms
  11 giant cockroaches
  6 goblins
  5 hobgoblins
  3 jackals
  4 kobolds
  4 quokkas
  2 frilled lizards
  4 rats
80 creatures vanquished.

Vanquished Creatures (collateral kills)
  A goblin (D:4)
1 creature vanquished.

Vanquished Creatures (others)
  11 plants (D:3)
11 creatures vanquished.

Grand Total: 92 creatures vanquished

Notes
Turn   | Place    | Note
-------+----------+-------------------------------------------
     0 | D:1      | raph the Merfolk Ice Elementalist began the quest for the
                  | Orb.
     0 | D:1      | Reached XP level 1. HP: 13/13 MP: 3/3
   205 | D:1      | Reached XP level 2. HP: 15/19 MP: 0/5
   777 | D:1      | Reached skill level 5 in Ice Magic
  1357 | D:2      | Reached XP level 3. HP: 10/24 MP: 1/6
  1851 | D:2      | Noticed Natasha
  1863 | D:2      | Learned a level 3 spell: Frozen Ramparts
  1871 | D:2      | Killed Natasha
  1872 | D:2      | Reached skill level 6 in Ice Magic
  1988 | D:2      | Reached XP level 4. HP: 29/30 MP: 3/7
  2069 | D:2      | Found a faded altar of an unknown god.
  2069 | D:2      | Noticed a hellion
  2069 | D:2      | Noticed Sigmund
  2252 | D:2      | Noticed Natasha
  2260 | D:2      | Killed Natasha
  2432 | D:2      | Learned a level 3 spell: Ozocubu's Armour
  2918 | D:2      | Noticed Natasha
  2925 | D:2      | Killed Natasha
  2926 | D:2      | Reached XP level 5. HP: 17/35 MP: 3/8
  3182 | D:3      | Found Vatael's Vocational Training.
  3190 | D:3      | Reached skill level 7 in Ice Magic
  3411 | D:3      | Found a runed translucent gate.
  3411 | D:3      | Found a runed translucent gate.
  3411 | D:3      | Found a runed translucent gate.
  3447 | D:3      | Noticed p0werm0de's ghost (amateur OpMo)
  3650 | D:4      | Found an ornate altar of the Wu Jian Council.
  4343 | D:3      | Reached XP level 6. HP: 16/41 MP: 4/9
  4411 | D:2      | HP: 2/41 [orc/+0 whip (3)]
  4869 | D:2      | Reached skill level 8 in Ice Magic
  5285 | D:3      | Found a hazy altar of Hepliaklqana.
  5320 | D:3      | Became a worshipper of Hepliaklqana the Forgotten
  6271 | D:4      | Found a white marble altar of Elyvilon.
  6549 | D:4      | Found Farrak's Weapon Shoppe.
  6942 | D:5      | Entered Level 5 of the Dungeon
  7037 | D:5      | Slain by a phantom

Illustrated notes

Levels and vault maps discovered:
D:1:      evilmike_arrival_crescent, layout_basic, serial_rivers,
          chequers_serial_rivers_large_b, chequers_serial_rivers_room_b,
          chequers_serial_rivers_large_a, chequers_serial_rivers_room_b,
          roderic_roman_lattice
D:2:      minmay_roachtagon, layout_loops_ring,
          dreamdust_ecumenical_altar_sealed_demon, uniq_sigmund, uniq_natasha
D:3:      wad_river_or_something, layout_loops_cross,
          nicolae_hepliaklqana_hazy_memory, gammafunk_ghost_necromancy,
          nicolae_shop_vocational
D:4:      layout_rooms, mainiacjoe_overflow_chevrons,
          mainiacjoe_overflow_boulevard, serial_shops,
          nicolae_shop_advertising_works [nicolae_subvault_shop_adworks],
          minmay_strange_pillars, hangedman_decor_slide_cut
D:5:      kennysheep_big_flooded_room, layout_basic,
          minmay_temple_entry_mini_moons

Skill      XL: |  1  2  3  4  5  6 |
---------------+-------------------+-----
Ice Magic      | 5 6 7 8 |  8.5
Fighting       | |  0.5
Polearms       | |  0.6
Dodging        | |  2.6
Stealth        | |  2.1
Spellcasting   | |  2.1

Action                   |  1- 3 |  4- 6 || total
-------------------------+-------+-------++-------
Melee: Dagger            |    14 |       ||    14
       Spear             |     6 |    98 ||   104
       Punch             |       |     2 ||     2
 Cast: Freeze            |    28 |     1 ||    29
       Frozen Ramparts   |     2 |    37 ||    39
       Ozocubu's Armour  |       |     2 ||     2
  Use: Scroll            |     3 |    10 ||    13
 Stab: Sleeping          |     1 |     2 ||     3
Armor: Robe              |     8 |    18 ||    26
Dodge: Dodged            |    36 |    68 ||   104
